 Dungeon Crawl Stone Soup version 0.26-a0-34-g9e0bf03 (webtiles) character file.

Game seed: 866100465078796744, levelgen mode: deterministic

425 BlueFish the Ruffian (level 6, -5/41 HPs)
             Began as an Octopode Warper on May 29, 2020.
             Was an Initiate of Cheibriados.
             Slain by an ogre
             ... wielding a +0 giant club
              (17 damage)
             ... on level 4 of the Dungeon.
             The game lasted 00:11:46 (4086 turns).

BlueFish the Ruffian (Octopode Warper)              Turns: 4086, Time: 00:11:47

Health: -5/41      AC:  1    Str: 14    XL:     6   Next: 96%
Magic:  3/11       EV: 14    Int: 16    God:    Cheibriados [......]
Gold:   186        SH:  0    Dex: 12    Spells: 1/11 levels left

rFire    . . .     SeeInvis .     - Unarmed
rCold    . . .     Gourm    .   (no shield)
rNeg     . . .     Faith    .   (helmet restricted)
rPois    .         Spirit   .   (no amulet)
rElec    .         Reflect  .   n - ring of resist corrosion
rCorr    +         Harm     .   (no ring)
MR       .....                  (no ring)
Stlth    +++.......             (no ring)
HPRegen  0.13/turn              (no ring)
MPRegen  0.12/turn              (no ring)
                                (no ring)
                                (no ring)

@: shrouded (expiring), very slow
A: almost no armour, stealthy swim, amphibious, 8 rings, constrict 8, camouflage
1, gelatinous body 1
a: Bend Time, Renounce Religion


You were on level 4 of the Dungeon.
You worshipped Cheibriados.
Cheibriados was noncommittal.
You were very hungry.

You visited 2 branches of the dungeon, and saw 5 of its levels.

You collected 186 gold pieces.

Inventory:

Missiles
 c - 5 boomerangs of dispersal
 i - 88 stones (quivered)
 s - 40 poisoned darts
 t - 29 arrows
Jewellery
 n - a ring of resist corrosion (left tentacle)
 z - a cursed ring of positive energy
Wands
 v - a wand of polymorph (10)
Scrolls
 b - a scroll of blinking
 e - 4 scrolls of remove curse {unknown}
 f - 6 scrolls of teleportation {unknown}
 g - a scroll of fog {unknown}
 j - 6 scrolls of identify {unknown}
 p - a scroll of enchant armour {unknown}
 q - a scroll of amnesia {unknown}
 y - a scroll of magic mapping {unknown}
Potions
 a - a potion of heal wounds {unknown}
 h - a potion of mutation {unknown}
 k - a potion of curing {unknown}
 l - a potion of stabbing {unknown}
 o - 2 potions of lignification {unknown}
 r - 2 potions of resistance {unknown}
 u - a potion of flight {unknown}
 w - a potion of berserk rage {unknown}
 x - a potion of magic {unknown}
Comestibles
 d - 6 rations


   Skills:
 + Level 2.6 Fighting
 + Level 1.0 Throwing
 + Level 3.4 Dodging
 + Level 2.4 Stealth
 + Level 4.1 Unarmed Combat
 + Level 3.4 Spellcasting
 + Level 2.2 Charms
 + Level 3.6 Translocations


You had one spell level left.
You knew the following spells:

 Your Spells              Type           Power        Failure   Level  Hunger
a - Shroud of Golubria    Chrm/Tloc      ##....       9%          2    ##.....
b - Blink                 Tloc           N/A          6%          2    ##.....
c - Lesser Beckoning      Tloc           ##........   12%         3    ###....
d - Teleport Other        Tloc           ##......     12%         3    ###....

Your spell library contained the following spells:

 Spells                   Type           Power        Failure   Level  Hunger
 Gell's Gravitas          Tloc           ##........   12%         3    ###....
 Passage of Golubria      Tloc           N/A          38%         4    ####...


Dungeon Overview and Level Annotations

Branches:
Dungeon (4/15)             Temple (1/1) D:4

Altars:
Ashenzari
Cheibriados
Dithmenos
Elyvilon
Gozag
Hepliaklqana
Kikubaaqudgha
Makhleb
Okawaru
Qazlal
Ru
Sif Muna
Trog
Uskayaw
Vehumet
Xom
Yredelemnul
Zin
The Shining One


Innate Abilities, Weirdness & Mutations

You cannot wear most types of armour.
You are very stealthy in the water. (Stealth+)
You are amphibious.
You can wear up to eight rings at the same time.
You can use your tentacles to constrict eight enemies at once.
Your skin changes colour to match your surroundings (Stealth+).
Your rubbery body absorbs attacks. (AC +1, EV +1)


Message History

You tentacle-slap the centaur but do no damage.
The centaur is heavily wounded.
Your shroud bends the centaur's attack away.
The centaur misses you.
You tentacle-slap the centaur. You squeeze the centaur!
You kill the centaur!
Cheibriados thoroughly appreciates the change of pace.
Your Unarmed Combat skill increases to level 4!
The ogre misses you.
Your magical contamination has completely faded away.
You tentacle-slap the ogre.
The ogre is lightly wounded.
Your shroud begins to fray at the edges.
The ogre barely misses you.
You completely miss the ogre. You squeeze the ogre!
The ogre is heavily wounded.
You tentacle-slap the ogre.
The ogre is heavily wounded.
The ogre hits you with a +0 giant club!
You die...

...........P#...#P..........
..............>.............
...........P#...#P...(......
#.#####.#..###.####.).##...#
#.# #......P.P....### ####
..# ##.##.........## ###
...##..(.......## .
...###.........(.## . ...
#....(@).......... ....
####...O..........
#.%............
#..............
#..............
...............
................
.#######.....


You could see an ogre.

Vanquished Creatures
  A centaur (D:4)
  Crazy Yiuf (D:2)
  2 worker ants
  7 adders
  8 gnolls
  6 oozes
  7 worms
  A dart slug (D:1)
  4 orcs
  9 bats
  6 giant cockroaches
  8 goblins
  7 hobgoblins
  6 jackals
  A quokka (D:3)
  2 ball pythons
  A frilled lizard (D:1)
  9 kobolds
  5 rats
91 creatures vanquished.

Notes
Turn   | Place    | Note
-------+----------+-------------------------------------------
     0 | D:1      | BlueFish the Octopode Warper began the quest for the Orb.
     0 | D:1      | Reached XP level 1. HP: 14/14 MP: 3/3
     1 | D:1      | Found a runed translucent door.
   181 | D:1      | Reached XP level 2. HP: 11/19 MP: 5/5
   466 | D:1      | Learned a level 2 spell: Shroud of Golubria
   469 | D:1      | Learned a level 2 spell: Blink
   994 | D:1      | Reached XP level 3. HP: 21/24 MP: 6/6
  1408 | D:1      | Reached XP level 4. HP: 21/30 MP: 7/7
  1482 | D:1      | Reached skill level 1 in Stealth
  1717 | D:2      | Found a runed translucent door.
  1718 | D:2      | Noticed Crazy Yiuf
  1729 | D:2      | Killed Crazy Yiuf
  1934 | D:2      | Reached skill level 3 in Unarmed Combat
  1934 | D:2      | Reached skill level 1 in Charms
  1934 | D:2      | Reached XP level 5. HP: 33/35 MP: 5/8
  1942 | D:2      | Learned a level 3 spell: Lesser Beckoning
  2812 | D:3      | Found a radiant altar of Vehumet.
  2853 | D:3      | Found a burning altar of Makhleb.
  3003 | D:3      | Found a glowing silver altar of Zin.
  3008 | D:3      | Learned a level 3 spell: Teleport Other
  3139 | D:3      | Reached XP level 6. HP: 36/41 MP: 7/10
  3916 | D:4      | Found a staircase to the Ecumenical Temple.
  3926 | Temple   | Entered the Ecumenical Temple
  3943 | Temple   | Became a worshipper of Cheibriados the Contemplative
  4083 | D:4      | Reached skill level 4 in Unarmed Combat
  4086 | D:4      | Slain by an ogre

Illustrated notes

Levels and vault maps discovered:
D:1:      dpeg_arrival_caged_fury, layout_basic
D:2:      layout_rooms, minmay_fountain_box, uniq_crazy_yiuf_cottage
D:3:      layout_basic, zin_academy, old_standard_altar, lemuel_crystal_altar,
          first_ration, minmay_stone_trees_medium
D:4:      layout_rooms, fedhas_ov_isle_minmay,
          minmay_temple_entry_gardened_gates, gammafunk_ghost_stat_death,
          chei_slow_surprise
Temple:   lightli_temple_of_artemis

Skill      XL: |  1  2  3  4  5  6 |
---------------+-------------------+-----
Dodging        | 3 |  3.4
Stealth        | 1 2 |  2.4
Unarmed Combat | 3 4 |  4.1
Charms         | 1 2 |  2.2
Spellcasting   | 3 |  3.4
Fighting       | |  2.6
Throwing       | |  1.0
Translocations | |  3.6

Action                   |  1- 3 |  4- 6 || total
-------------------------+-------+-------++-------
Melee: Unarmed           |    82 |   179 ||   261
       Constrict         |    22 |    49 ||    71
       Tentacles         |    14 |    40 ||    54
       Punch             |     2 |     5 ||     7
Throw: Stone             |       |    11 ||    11
 Cast: Shroud of Golubri |     1 |    24 ||    25
       Blink             |       |     1 ||     1
       Lesser Beckoning  |       |     1 ||     1
 Stab: Sleeping          |     2 |     7 ||     9
  Eat: Chunk             |     2 |     9 ||    11
Armor: Skin              |    10 |     6 ||    16
Dodge: Dodged            |    44 |   132 ||   176

Table legend:
 A = Non-vault XP
 B = Vault XP
 C = Vault XP percentage of total XP
 D = Non-vault monster count
 E = Vault monster count
 F = Vault count percentage of total count
                 A         B        C        D         E       F
            +---------+---------+-------+---------+---------+-------
      Total |     507 |     101 |  16.6 |      74 |      17 |  18.7
            +---------+---------+-------+---------+---------+-------
        D:1 |      25 |      62 |  71.3 |      13 |      16 |  55.2
        D:2 |     141 |      39 |  21.7 |      25 |       1 |   3.8
        D:3 |     103 |       0 |   0.0 |      25 |       0 |   0.0
        D:4 |     238 |       0 |   0.0 |      11 |       0 |   0.0
            +---------+---------+-------+---------+---------+-------
